 Dungeon Crawl Stone Soup version 0.26-a0-597-gb535b0901c (webtiles) character file.

Game seed: 9929061131364830108

3 Lanoc the Sneak (level 1, -2/18 HPs)
             Began as a Merfolk Delver on Sept 2, 2020.
             Was an Initiate of Nemelex Xobeh.
             Slain by Natasha (9 damage)
             ... on level 3 of the Dungeon.
             The game lasted 00:00:49 (151 turns).

Lanoc the Sneak (Merfolk Delver)                     Turns: 151, Time: 00:00:49

Health: -2/18      AC:  3    Str: 12    XL:     1   Next: 50%
Magic:  1/1        EV: 13    Int:  9    God:    Nemelex Xobeh [......]
Gold:   46         SH:  0    Dex: 15    Spells: 0/0 levels left

rFire    . . .     SeeInvis .   a - +0 spear
rCold    . . .     Faith    .   (no shield)
rNeg     . . .     Spirit   .   b - +0 leather armour
rPois    .         Reflect  .   (no helmet)
rElec    .         Harm     .   (no cloak)
rCorr    .                      (no gloves)
MR       .....                  (no boots)
Stlth    +++.......             (no amulet)
HPRegen  0.06/turn              (no ring)
MPRegen  0.07/turn              (no ring)

@: slowed, very slow
A: change form in water, swift swim, stealthy swim
a: Draw Escape, Draw Destruction, Draw Summoning, Renounce Religion


You were on level 3 of the Dungeon.
You worshipped Nemelex Xobeh.
Nemelex Xobeh was noncommittal.
You visited 1 branch of the dungeon, and saw 3 of its levels.

You collected 46 gold pieces.

Inventory:

Hand Weapons
 a - a +0 spear (weapon)
Armour
 b - a +0 leather armour (worn)
Wands
 g - a wand of digging (3)
Scrolls
 c - a scroll of fog
 d - a scroll of magic mapping
 e - a scroll of fear
 j - a scroll of teleportation {unknown}
Potions
 f - a potion of haste
 h - a potion of stabbing {unknown}
 i - a potion of curing {unknown}


   Skills:
 + Level 3.3 Fighting
 * Level 3.2 Polearms
 + Level 2.8 Dodging
 - Level 5.4 Stealth
 + Level 0.0 Invocations


You couldn't memorise any spells.
You didn't know any spells.
Your spell library was empty.

Dungeon Overview and Level Annotations

Branches:
Dungeon (5/15)
 Temple: D:4-7

Altars:
Nemelex Xobeh

Shops:
D:5 (

Annotations:
D:3 Natasha
D:5 1 transporter


Message History

Natasha casts a spell at you.
You feel yourself slow down.
You reach to attack!
You hit Natasha.
Natasha is moderately wounded.
Natasha misses you.
You hit Natasha but do no damage.
Natasha is moderately wounded.
Natasha closely misses you.
You barely miss Natasha.
Natasha is moderately wounded.
Natasha casts a spell.
You hit Natasha.
Natasha is moderately wounded.
Natasha stares at you and mumbles some strange words.
The magic dart hits you!
Ouch! That really hurt!
Natasha claws you!
Ouch! That really hurt!
You die...
Your body disappears without a glow.

# #.##.......####.####
#.#####.##.####.##..#'#..#
.#.......##.# #..##.......#
.........##.###...##.._..##
......h5...........##...##
.........##5######..##.##
.........##5# #..###
.........##h# ...
.........##@# .........##.#
..(......##.# .5.......##..
###########g. #... #...
.....


You could see Natasha, a crimson imp (summoned), a shadow imp (summoned) and a
hobgoblin (asleep).

Vanquished Creatures
  A worm (D:3)
1 creature vanquished.

Notes
Turn   | Place    | Note
-------+----------+-------------------------------------------
     0 | D:5      | Lanoc the Merfolk Delver began the quest for the Orb.
     0 | D:5      | Reached XP level 1. HP: 18/18 MP: 1/1
     7 | D:5      | Found a transporter.
   112 | D:3      | Found a sparkling altar of Nemelex Xobeh.
   116 | D:3      | Became a worshipper of Nemelex Xobeh the Trickster
   137 | D:3      | Received a gift from Nemelex Xobeh
   138 | D:3      | Noticed Natasha
   151 | D:3      | Noticed a crimson imp
   151 | D:3      | Slain by Natasha

Illustrated notes

Levels and vault maps discovered:
D:3:      layout_basic, nicolae_dithmenos_shadow_blocks,
          nemelex_lonely_heart_becter, uniq_natasha
D:4:      layout_loops_corners, lemuel_round_altar, palyth_stone_intersect,
          corexii_shack, dk_rats_in_the_wall, uniq_eustachio
D:5:      layout_cave_pods, minmay_temple_entry_glassed_door, serial_shops,
          nicolae_shop_window_shopping, shop, shop, shop, shop,
          gammafunk_ghost_mausoleum, kennysheep_boxes, uniq_duvessa

Action                   || total
-------------------------++-------
Melee: Spear             ||    14
Dodge: Dodged            ||     4

Table legend: (Time is in decaauts)
 A = Elapsed time spent in this place.
 B = Non-inter-level travel time spent in this place.
 C = Inter-level travel time spent in this place.
 D = Time resting spent in this place.
 E = Time spent auto-exploring this place.
 F = Levels seen in this place.
 G = Mean time per level.
                   A        B        C        D        E       F      G
               +--------+--------+--------+--------+--------+-----+--------+
         Total |    152 |    152 |      0 |      0 |     64 |   3 |   50.7 |
       Dungeon |    152 |    152 |      0 |      0 |     64 |   3 |   50.7 |
               +--------+--------+--------+--------+--------+-----+--------+

Top non-repeatable levels by time:
     D:3: 95 daAuts
     D:4: 41 daAuts
     D:5: 15 daAuts
